 Dungeon Crawl Stone Soup version 0.31.0-9-g3a7656b989 (webtiles) character file.

Game seed: 14797719105463266087

4 Couri the Trooper (level 1, 0/22 HPs)
             Began as an Oni Warper on Feb 5, 2024.
             Slain by a jackal (2 damage)
             ... on level 1 of the Dungeon.
             The game lasted 00:01:03 (86 turns).

Couri the Trooper (Oni Warper)                        Turns: 86, Time: 00:01:04

Health: 0/22       AC:  3    Str: 14    XL:     1   Next: 60%
Magic:  3/3        EV:  9    Int: 14    God:
Gold:   6          SH:  0    Dex:  8    Spells: 4/4 levels left

rFire   . . .        a - +0 mace
rCold   . . .        (no shield)
rNeg    . . .        b - +0 robe
rPois   .            (helmet restricted)
rElec   .            (no cloak)
rCorr   .            (gloves unavailable)
SInv    .            (boots unavailable)
Will    .....        (no amulet)
Stlth   +            (no ring)
HPRegen 0.23/turn    (no ring)
MPRegen 0.08/turn

%: no passive effects
@: no status effects
A: large, unfitting armour, horns 1, tough skin 1, double potion healing,
drunken brawling
a: no special abilities


You were on level 1 of the Dungeon.
You visited 1 branch of the dungeon, and saw 2 of its levels.

You collected 6 gold pieces.

Inventory:

Hand Weapons
 a - a +0 mace (weapon)
Missiles
 d - 7 darts of dispersal (quivered)
Armour
 b - a +0 robe (worn)
Scrolls
 c - a scroll of blinking


   Skills:
 + Level 2.8 Fighting
 * Level 2.1 Maces & Flails
 - Level 1.0 Throwing
 * Level 0.4 Armour
 - Level 2.1 Dodging
 - Level 2.4 Spellcasting
 - Level 2.6 Translocations


You had 4 spell levels left.
You didn't know any spells.
Your spell library contained the following spells:

 Spells                   Type           Power      Damage    Failure   Level
 Blink                    Tloc           18%        N/A       12%         2
 Lesser Beckoning         Tloc           18%        N/A       12%         2
 Teleport Other           Tloc           9%         N/A       22%         3
 Manifold Assault         Tloc           9%         N/A       58%         4
 Vhi's Electric Charge    Tloc/Air       10%        N/A       78%         4


Dungeon Overview and Level Annotations

Branches:
Dungeon (2/15)

Altars:


Innate Abilities, Weirdness & Mutations

You are too large for most types of armour.
You have a pair of small horns on your head.
You have tough skin. (AC +1)
You gain doubled healing and magic from potions.
Whenever you drink a healing potion, you attack all around you.


Message History

* * * LOW HITPOINT WARNING * * *
The jackal attacks as it pursues you! The jackal barely misses you.
The jackal bites you but does no damage.
You hit the jackal.
You kill the jackal!
The jackal bites you but does no damage.
You barely miss the jackal. The jackal bites you.
* * * LOW HITPOINT WARNING * * *
The jackal bites you.
* * * LOW HITPOINT WARNING * * *
You closely miss the jackal. You headbutt the jackal.
The jackal is lightly wounded.
The jackal barely misses you. The jackal attacks as it pursues you!
The jackal bites you.
* * * LOW HITPOINT WARNING * * *
The jackal barely misses you. The jackal closely misses you.
There is an escape hatch in the floor here.
The jackal bites you but does no damage.
You slide downwards.
The hatch slams shut behind you.
The ogre shouts!
A giant cockroach comes into view.
The jackal bites you.
* * * LOW HITPOINT WARNING * * *
Found a stone staircase leading up.
The jackal attacks as it pursues you! The jackal barely misses you.
The jackal bites you but does no damage.
Found 5 stones.
The jackal bites you.
* * * LOW HITPOINT WARNING * * *
There is a stone staircase leading up here.
The jackal bites you but does no damage.
The jackal misses you.
You climb upwards.
The kobold shouts!
The hobgoblin shouts!
The kobold throws a stone.
The stone hits you but does no damage.
There is a stone staircase leading down here.
The kobold throws a stone.
The stone hits you but does no damage. The jackal bites you.
You die...

#.........
#.........
#.........
#.........
#...g.....
#.........
#.>.......
######h...r....
#....@.........
#........#.K...
###
#........#.###.
#.. #........#
# #..
#######..# ###
#..# ##### ##.
..# ......#..
... #.... ##.#'


You could see a quokka, a jackal, a hobgoblin and a kobold.

Vanquished Creatures
  2 jackals (D:1)
  A frilled lizard (D:1)
  A rat (D:1)
4 creatures vanquished.

Notes
Turn   | Place    | Note
-------+----------+-------------------------------------------
     0 | D:1      | Couri the Oni Warper began the quest for the Orb.
     0 | D:1      | Reached XP level 1. HP: 22/22 MP: 3/3
    72 | D:1      | HP: 1/22 [jackal (2)]
    76 | D:2      | Noticed an ogre
    77 | D:2      | HP: 1/22 [jackal (1)]
    86 | D:1      | Slain by a jackal

Illustrated notes

Levels and vault maps discovered:
D:1:      dpeg_arrival_short_road, layout_basic
D:2:      layout_basic, serial_shops, shop, nicolae_square_shop, basic_altar

Action                     || total
---------------------------++-------
  Melee: Mace              ||    28
         Headbutt          ||     3
 Armour: Robe              ||    45
  Dodge: Dodged            ||    38
